 Dungeon Crawl Stone Soup version 0.27.1-34-g3ba077fa99 (webtiles) character file.

Game seed: 3419762219290274045

4 cyrus the Caller (level 1, 0/7 HPs)
             Began as a Felid Summoner on Jan 24, 2022.
             Slain by a jackal (1 damage)
             ... on level 1 of the Dungeon.
             The game lasted 00:02:07 (428 turns).

cyrus the Caller (Felid Summoner)                    Turns: 428, Time: 00:02:08

Health: 0/7        AC:  1    Str:  4    XL:     1   Next: 58%
Magic:  2/4        EV: 17    Int: 16    God:
Gold:   30         SH:  0    Dex: 16    Spells: 3/4 levels left
                                        Lives:  0   Deaths: 0

rFire    . . .     SeeInvis +   (weapon unavailable)
rCold    . . .     Faith    .   (shield unavailable)
rNeg     . . .     Spirit   .   (armour unavailable)
rPois    .         Reflect  .   (helmet unavailable)
rElec    .         Harm     .   (cloak unavailable)
rCorr    .         Rampage  .   (gloves unavailable)
Will     .....                  (boots unavailable)
Stlth    ++........             (no amulet)
HPRegen  0.02/turn              (no ring)
MPRegen  0.09/turn              (no ring)

@: quick
A: very small, claws 1, fangs 3, see invisible, speed 1, shaggy fur 1, stealthy
paws, no weapons or thrown items, no armour, multi-lived
a: no special abilities


You were on level 1 of the Dungeon.
You visited 1 branch of the dungeon, and saw 1 of its levels.

You collected 30 gold pieces.

Inventory:

Scrolls
 a - a scroll of noise {unknown}
 b - a scroll of blinking {unknown}


   Skills:
 + Level 2.9 Dodging
 + Level 2.6 Stealth
 + Level 2.2 Spellcasting
 + Level 4.0 Summonings


You had 3 spell levels left.
You knew the following spells:

 Your Spells              Type           Power      Damage    Failure   Level
a - Summon Small Mammal   Summ           56%        N/A       3%          1

Your spell library contained the following spells:

 Spells                   Type           Power      Damage    Failure   Level
 Call Imp                 Summ           14%        N/A       6%          2
 Call Canine Familiar     Summ           14%        N/A       12%         3
 Foxfire                  Conj/Fire      4%         2x1d4     21%         1
 Summon Guardian Golem    Hex/Summ       8%         N/A       26%         3
 Conjure Flame            Conj/Fire      1%         6-21      52%         3
 Inner Flame              Hex/Fire       1%         N/A       52%         3
 Summon Lightning Spire   Summ/Air       8%         N/A       65%         4


Dungeon Overview and Level Annotations

Branches:
Dungeon (1/15)

Altars:


Innate Abilities, Weirdness & Mutations

You have sharp claws.
You have razor-sharp teeth.
You have supernaturally acute eyesight. (SInv)
You cover ground quickly. (Speed+)
You are covered in fur. (AC +1)
Your paws help you pounce on unaware monsters.
You are incapable of wielding weapons or throwing items.
You cannot wear armour.
You gain extra lives every three experience levels.


Message History

Your bat hits the jackal but does no damage.
Your bat hits the jackal. The jackal barely misses you.
The jackal barely misses your quokka. The jackal completely misses you.
The jackal misses you.
Your quokka misses the jackal. You closely miss the jackal.
The jackal is almost dead.
Your bat hits the jackal but does no damage.
The jackal bites your quokka.
Your quokka dies!
Your quokka's corpse disappears in a puff of smoke!
The jackal misses you. The jackal bites your bat.
Your quokka closely misses the jackal.
The jackal misses you.
Your bat hits the jackal but does no damage.
Your bat closely misses the jackal.
The jackal misses you. The jackal completely misses you.
Your quokka bites the jackal.
Your bat misses the jackal. The jackal bites you. x2
You scratch the jackal.
You kill the jackal!
Your bat misses the jackal. Your bat hits the jackal.
The jackal barely misses you. The jackal closely misses you.
Your quokka bites the jackal.
Your bat barely misses the jackal.
The jackal bites you.
* * * LOW HITPOINT WARNING * * *
Your bat hits the jackal but does no damage.
The jackal misses you.
Your quokka misses the jackal. You barely miss the jackal.
The jackal is moderately wounded.
Your bat closely misses the jackal.
Your bat hits the jackal.
The jackal dies!
The jackal misses you.
Your quokka misses the jackal. The jackal misses you.
Unknown command.
Your bat barely misses the jackal.
The jackal bites you but does no damage.
Your bat closely misses the jackal.
Your quokka closely misses the jackal.
You swap places.
Your bat closely misses the jackal.
Your bat hits the jackal.
Your bat hits the jackal but does no damage.
The jackal misses you.
Your bat barely misses the jackal.
Your quokka bites the jackal.
You swap places.
Your bat closely misses the jackal.
The jackal bites you.
You die...

.................
...............#
...............#
.......[.......#
.......?...##+##########.#
.......................#.#
.....#####.###.#######.#.#
... #.##.h.b^...#.#.# #
#.##br@.........#
#.####.##.......# #..
...+.......# ###
###.#.......# #..######.#
##.# #.# #.# #.#
.######.#####
............#


You could see a jackal (ally target), a friendly quokka (summoned) and 2
friendly bats.

Vanquished Creatures
  2 jackals (D:1)
  A ball python (D:1)
3 creatures vanquished.

Vanquished Creatures (collateral kills)
  A jackal (D:1)
  A rat (D:1)
2 creatures vanquished.

Grand Total: 5 creatures vanquished

Notes
Turn   | Place    | Note
-------+----------+-------------------------------------------
     0 | D:1      | cyrus the Felid Summoner began the quest for the Orb.
     0 | D:1      | Reached XP level 1. HP: 7/7 MP: 4/4
   428 | D:1      | Slain by a jackal

Illustrated notes

Levels and vault maps discovered:
D:1:      scummos_arrival_simple_crosswalls, layout_basic,
          chequers_hall_statues_wall_a

Action                   || total
-------------------------++-------
Melee: Unarmed           ||    16
 Cast: Summon Small Mamm ||     6
Armor: Skin              ||     1
Dodge: Dodged            ||    37
